 Dungeon Crawl Stone Soup version 0.29-a0-371-g91724d5b39 (webtiles) character file.

Game seed: 7903949983336804718

9422 timneilson the Blocker (level 11, 0/67 HPs)
             Began as a Gargoyle Fighter on May 2, 2022.
             Was a Priest of Okawaru.
             Slain by a troll (6 damage)
             ... on level 10 of the Dungeon.
             The game lasted 00:31:41 (11997 turns).

timneilson the Blocker (Gargoyle Fighter)          Turns: 11997, Time: 00:31:41

Health: 0/67       AC: 27    Str: 31    XL:     11   Next: 46%
Magic:  13/13      EV: 10    Int:  6    God:    Okawaru [***...]
Gold:   434        SH:  6    Dex: 15    Spells: 10/10 levels left

rFire   + . .      SeeInvis .   a - +0 long sword (freeze)
rCold   . . .      Faith    .   c - +0 buckler
rNeg    + + .      Spirit   .   o - +0 plate armour
rPois   ∞          Reflect  .   l - +0 helmet
rElec   +          Harm     .   h - +1 cloak
rCorr   .          Rampage  .   (no gloves)
Will    .....                   t - +0 pair of boots
Stlth   ..........              (no amulet)
HPRegen 0.21/turn               i - ring "Liwnykki" {rN+ Str+7 Int-3 Dex+6 Slay+6}
MPRegen 0.13/turn               A - ring of protection from fire

@: mighty, slowed, very slow
A: sickness immunity, AC +8, negative energy resistance 1, electricity
resistance, torment resistance 1, petrification resistance
a: Renounce Religion, Heroism


You were on level 10 of the Dungeon.
You worshipped Okawaru.
Okawaru was most pleased with you.
You visited 2 branches of the dungeon, and saw 11 of its levels.
You also visited: Sewer.

You collected 434 gold pieces.

Inventory:

Hand Weapons
 a - a +0 long sword of freezing (weapon)
Armour
 c - a +0 buckler (worn)
 h - a +1 cloak (worn)
 l - a +0 helmet (worn)
 o - a +0 plate armour (worn)
 t - a +0 pair of boots (worn)
Jewellery
 i - the ring "Liwnykki" (left hand) {rN+ Str+7 Int-3 Dex+6 Slay+6}
   (You found it on level 3 of the Dungeon)

   [ring of dexterity]

   Str:       It affects your strength (+7).
   Int:       It affects your intelligence (-3).
   Dex:       It affects your dexterity (+6).
   Slay:      It affects your accuracy & damage with ranged weapons and melee
   (+6).
   rN:        It protects you from negative energy.
 n - a +4 ring of evasion
 q - a ring of ice
 z - a ring of resist corrosion
 A - a ring of protection from fire (right hand)
Wands
 d - a wand of flame (8)
 r - a wand of paralysis (6)
 u - a wand of acid (8)
 H - a wand of polymorph (1)
Scrolls
 g - 4 scrolls of immolation
 j - a scroll of amnesia
 p - a scroll of enchant armour
 s - a scroll of blinking
 v - 8 scrolls of teleportation
 y - 2 scrolls of magic mapping
 B - a scroll of identify
 D - 3 scrolls of brand weapon
 E - 2 scrolls of fear
Potions
 b - 3 potions of lignification
 e - 4 potions of brilliance
 f - 6 potions of mutation
 k - 5 potions of flight
 m - a potion of resistance
 x - 2 potions of magic


   Skills:
 + Level 7.1 Fighting
 * Level 7.7 Long Blades
 * Level 9.7 Armour
 + Level 4.7 Dodging
 * Level 9.7 Shields
 + Level 3.5 Invocations
 + Level 4.6 Evocations


You had 10 spell levels left.
You didn't know any spells.
Your spell library contained the following spells:

 Spells                   Type           Power      Damage    Failure   Level
 Ignite Poison            Fire/Tmut/Pois 0%         N/A       100%        3
 Mephitic Cloud           Conj/Pois/Air  0%         N/A       100%        3
 Alistair's Intoxication  Tmut/Pois      0%         N/A       100%        5
 Borgnjor's Vile Clutch   Necr/Erth      0%         N/A       100%        5
 Freezing Cloud           Conj/Ice/Air   0%         6-21      100%        5
 Eringya's Noxious Bog    Tmut/Pois      0%         N/A       100%        6


Dungeon Overview and Level Annotations

Branches:
Dungeon (10/15)            Temple (1/1) D:7            Lair (0/6) D:9
  Sewer (visited)
    Orc: D:9-12

Altars:
Ashenzari
Cheibriados
Dithmenos
Elyvilon
Fedhas
Gozag
Hepliaklqana
Kikubaaqudgha
Makhleb
Nemelex Xobeh
Okawaru
Qazlal
Ru
Sif Muna
Trog
Uskayaw
Vehumet
Wu Jian
Xom
Yredelemnul
Zin
The Shining One

Shops:
D:7 !

Annotations:
D:10 Gastronok


Innate Abilities, Weirdness & Mutations

You are immune to sickness and miasma.
Your stone body is resilient. (AC +8)
You are immune to poison.
You resist negative energy. (rN+)
You are resistant to electric shocks. (rElec)
You are resistant to unholy torment.
You are immune to petrification.


Message History

The troll claws you but does no damage. The troll barely misses you.
You slash Gastronok! You freeze Gastronok.
Gastronok is lightly wounded.
The troll closely misses you. You block the troll's attack.
The troll claws you but does no damage. Gastronok closely misses you.
You slash Gastronok! You freeze Gastronok.
Gastronok is moderately wounded.
The troll bites you. You block the troll's attack.
The troll claws you but does no damage. You block Gastronok's attack.
The troll bites you but does no damage. The troll claws you but does no damage.
The troll closely misses you.
You slash Gastronok! You freeze Gastronok!
Gastronok is heavily wounded.
The troll bites you but does no damage. The troll barely misses you.
The troll claws you but does no damage. Gastronok bites you but does no damage.
The troll bites you! The troll closely misses you.
You block the troll's attack.
You hit Gastronok. You freeze Gastronok.
Gastronok is heavily wounded.
The troll barely misses you.
The troll claws you but does no damage. x2
Gastronok bites you!!
* * * LOW HITPOINT WARNING * * *
You slash Gastronok! You freeze Gastronok.
Gastronok is heavily wounded.
The troll bites you but does no damage. The troll barely misses you.
The troll claws you but does no damage. The troll bites you.
* * * LOW HITPOINT WARNING * * *
The troll claws you but does no damage. x2
Gastronok casts a spell.
You feel better. You block the troll's attack. The troll completely misses you.
The troll claws you!
* * * LOW HITPOINT WARNING * * *
You feel better. The troll bites you but does no damage.
The troll closely misses you. x2
Gastronok glows a brilliant shade of cerise.
The troll misses you.
The troll claws you but does no damage. x2
You slash Gastronok! You freeze Gastronok.
Gastronok is severely wounded.
The troll bites you.
You die...

#.................
#.................
#.########........ #.#
#...>.... #.#
#.####### #.#
#.#######
#.########.)..)...
##$##.#......#########
#....@T........<......
#####w#......#...#####
..##............##
.####.#####...##... ..
#.#.......##... #..
#.........###..
#...######.#.........
...........########..
#.............# #..


You could see Gastronok and a troll.

Vanquished Creatures
  Josephine (D:10)
  Erolcha (D:10)
  Joseph (D:10)
  Psyche (D:8)
  A troll (D:9)
  Grinder (D:3)
  Sigmund (D:4)
  A wyvern (D:6)
  3 steam dragons
  7 wraiths
  6 yaks (D:10)
  Eustachio (D:4)
  Grum (D:8)
  2 water moccasins
  An acid dragon (D:9)
  A sky beast (D:8)
  3 orc warriors (D:9)
  An ice beast (D:6)
  2 black bears
  4 wolves (D:8)
  3 centaurs
  A phantom (D:6)
  Blork the orc (D:4)
  4 bullfrogs
  3 kobold brigands
  A gnoll sergeant (D:5)
  A necrophage (D:5)
  6 wights
  6 killer bees (D:7)
  4 electric eels (D:9)
  A howler monkey (D:8)
  7 hounds
  3 jellies
  5 orc priests
  A gnoll shaman (D:8)
  Jessica (D:3)
  2 iguanas
  Ijyb (D:3)
  Natasha (D:4)
  12 orc wizards
  Robin (D:3)
  8 adders
  13 gnolls
  5 river rats (D:5)
  2 shadow imps
  2 white imps
  An ufetubus (D:6)
  9 worms
  A dart slug (D:5)
  33 orcs
  3 bats
  11 endoplasms
  10 goblins
  10 hobgoblins
  10 jackals
  6 quokkas
  7 ball pythons
  6 frilled lizards
  A jackal zombie (D:6)
  20 kobolds
  12 rats
  A rat zombie (D:6)
276 creatures vanquished.

Vanquished Creatures (others)
  A gnoll (D:6)
  5 plants (D:4)
6 creatures vanquished.

Grand Total: 282 creatures vanquished

Notes
Turn   | Place    | Note
-------+----------+-------------------------------------------
     0 | D:1      | timneilson the Gargoyle Fighter began the quest for the
                  | Orb.
     0 | D:1      | Reached XP level 1. HP: 14/14 MP: 1/1
   131 | D:1      | Found a faded altar of an unknown god.
   136 | D:1      | Reached XP level 2. HP: 11/19 MP: 2/2
   615 | D:2      | Reached XP level 3. HP: 23/23 MP: 3/3
   996 | D:2      | Reached XP level 4. HP: 24/28 MP: 4/4
  1668 | D:3      | Identified the ring "Liwnykki" {rN+ Str+7 Int-3 Dex+6
                  | Slay+6}
  1677 | D:3      | Noticed Robin
  1681 | D:3      | Killed Robin
  1835 | D:3      | Noticed Ijyb
  1847 | D:3      | Killed Ijyb
  1848 | D:3      | Reached skill level 1 in Dodging
  1848 | D:3      | Reached XP level 5. HP: 23/33 MP: 5/5
  2087 | D:3      | Noticed Jessica
  2092 | D:3      | Killed Jessica
  2126 | D:3      | Found a sacrificial altar of Ru.
  2447 | D:3      | Noticed Grinder
  2462 | D:3      | Killed Grinder
  2463 | D:3      | Reached skill level 5 in Armour
  2463 | D:3      | Reached skill level 5 in Shields
  2463 | D:3      | Reached XP level 6. HP: 17/38 MP: 6/6
  2947 | D:4      | Noticed Eustachio
  2948 | D:4      | Noticed Sigmund
  2958 | D:4      | Killed Sigmund
  2959 | D:4      | Reached XP level 7. HP: 33/44 MP: 7/7
  2961 | D:4      | Killed Eustachio
  2962 | D:4      | Reached skill level 1 in Evocations
  3361 | D:4      | Noticed Blork the orc
  3373 | D:4      | Killed Blork the orc
  3374 | D:4      | Reached XP level 8. HP: 27/48 MP: 8/8
  3751 | D:4      | Noticed Natasha
  3756 | D:4      | Killed Natasha
  3921 | D:5      | Entered Level 5 of the Dungeon
  3948 | D:5      | Identified the +1 ring mail of the Garden {Rampage Drain
                  | rPois Str-3}
  3958 | D:5      | Found a stormy altar of Qazlal.
  3959 | D:5      | Noticed an air elemental
  3959 | D:5      | Noticed a water elemental
  4007 | D:5      | Found a shadowy altar of Dithmenos.
  4211 | D:5      | Found a glowing drain.
  4226 | Sewer    | Entered a sewer
  4823 | D:6      | Reached skill level 5 in Fighting
  4943 | D:6      | Reached skill level 5 in Long Blades
  4965 | D:6      | Reached XP level 9. HP: 48/54 MP: 9/9
  5884 | D:6      | Found a shimmering blue altar of Sif Muna.
  5884 | D:6      | Found a shimmering altar of Xom.
  6337 | D:7      | Found a staircase to the Ecumenical Temple.
  6352 | Temple   | Entered the Ecumenical Temple
  7252 | D:7      | Found Cunuovong's Distillery.
  7572 | D:7      | Reached XP level 10. HP: 60/60 MP: 10/10
  7649 | D:7      | Found an iron altar of Okawaru.
  7657 | D:7      | Became a worshipper of Warmaster Okawaru
  8061 | D:8      | Found a glowing silver altar of Zin.
  8063 | D:8      | Noticed Grum
  8101 | D:8      | Killed Grum
  8102 | D:8      | Reached skill level 1 in Invocations
  8939 | D:8      | Noticed Psyche
  8952 | D:8      | Killed Psyche
  9253 | D:8      | Found a radiant altar of Vehumet.
  9696 | D:9      | Reached * piety under Okawaru
  9713 | D:9      | Found a staircase to the Lair.
 11101 | D:10     | Entered Level 10 of the Dungeon
 11182 | D:10     | Reached ** piety under Okawaru
 11196 | D:10     | Reached XP level 11. HP: 52/66 MP: 11/13
 11411 | D:10     | Noticed Josephine
 11430 | D:10     | Killed Josephine
 11449 | D:10     | Noticed Joseph
 11474 | D:10     | Killed Joseph
 11474 | D:10     | Reached *** piety under Okawaru
 11957 | D:10     | Noticed Erolcha
 11963 | D:10     | Killed Erolcha
 11983 | D:10     | Noticed Gastronok
 11995 | D:10     | HP: 1/67 [troll (10)]
 11997 | D:10     | Slain by a troll

Illustrated notes

Levels and vault maps discovered:
D:1:      dpeg_arrival_tiny_i, layout_rooms, chequers_ecumenical_altar_simple,
          minmay_lizard_pond
D:2:      layout_loops_ring, minmay_close_crescents
D:3:      kennysheep_big_flooded_room, layout_rooms, general_overflow_altar,
          uniq_robin, uniq_grinder, uniq_jessica, uniq_ijyb
D:4:      layout_basic, nicolae_zen_rock_garden, uniq_natasha, uniq_sigmund,
          uniq_blork_the_orc, uniq_eustachio
D:5:      layout_rooms, grunt_dithmenos_shadows,
          nicolae_qazlal_style_of_elements, lightli_sewer_entry_pipes,
          minivault_27
D:6:      layout_loops_ring, gammafunk_temple_overflow_wave, enter_ossuary_3,
          corner_web_ring
D:7:      layout_basic, kennysheep_okawaru_gauntlet,
          minmay_temple_entry_large_hall, serial_shops, nicolae_shop_statue_plus
D:8:      layout_basic, fiery_altar_vehumet, lemuel_crystal_altar, uniq_grum,
          uniq_psyche
D:9:      layout_rooms, erik_lair_island
D:10:     layout_basic, uniq_erolcha, uniq_gastronok, uniq_josephine,
          uniq_joseph
Temple:   minmay_temple_curvy_branch

Skill      XL: |  1  2  3  4  5  6  7  8  9 10 11 |
---------------+----------------------------------+-----
Long Blades    | 2 3 4 5 6 7 |  7.7
Armour         | 4 5 6 8 9 |  9.7
Shields        | 4 5 6 7 9 |  9.7
Dodging        | 1 2 3 4 |  4.7
Fighting       | 4 5 6 7 |  7.1
Evocations     | 1 2 3 4 |  4.6
Invocations    | 2 3 |  3.5

Action                   |  1- 3 |  4- 6 |  7- 9 | 10-12 || total
-------------------------+-------+-------+-------+-------++-------
Melee: Long sword        |   107 |   141 |   396 |   439 ||  1083
       Unarmed           |       |       |       |     9 ||     9
Invok: Heroism           |       |       |       |     2 ||     2
  Use: Scroll            |     2 |     8 |     9 |     3 ||    22
       Potion            |       |     2 |     2 |     4 ||     8
Armor: Scale mail        |    53 |    20 |       |       ||    73
       Chain mail        |       |    62 |   261 |   217 ||   540
       Skin              |       |       |       |     2 ||     2
       Plate armour      |       |       |       |   124 ||   124
Dodge: Dodged            |    49 |    50 |   193 |   287 ||   579
Block: Buckler           |    25 |    45 |   129 |   187 ||   386

Table legend: (Time is in decaauts)
 A = Elapsed time spent in this place.
 B = Non-inter-level travel time spent in this place.
 C = Inter-level travel time spent in this place.
 D = Time resting spent in this place.
 E = Time spent auto-exploring this place.
 F = Levels seen in this place.
 G = Mean time per level.
                   A        B        C        D        E       F      G
               +--------+--------+--------+--------+--------+-----+--------+
         Total |  12272 |  11996 |    276 |   1527 |   7263 |  12 | 1022.7 |
       Dungeon |  11807 |  11535 |    272 |   1527 |   6910 |  10 | 1180.7 |
        Temple |    252 |    248 |      4 |      0 |    243 |   1 |  252.0 |
         Sewer |    211 |    211 |      0 |      0 |    110 |   1 |  211.0 |
               +--------+--------+--------+--------+--------+-----+--------+

Top non-repeatable levels by time:
     D:8: 2218 daAuts
     D:9: 1232 daAuts
     D:5: 1167 daAuts
     D:4: 1164 daAuts
     D:7: 1139 daAuts
     D:2: 1126 daAuts
     D:6: 1110 daAuts
     D:3: 979 daAuts
    D:10: 921 daAuts
     D:1: 749 daAuts
  Temple: 252 daAuts
   Sewer: 211 daAuts
